 Dungeon Crawl Stone Soup version 0.15.2 (webtiles) character file.

2519 glosham the Grappler (level 9, 0/47 HPs)
             Began as a Vine Stalker Healer on Feb 13, 2016.
             Was a Follower of Cheibriados.
             Slain by a yak (7 damage)
             ... on Level 8 of the Dungeon.
             The game lasted 01:34:28 (5788 turns).

glosham the Grappler (Vine Stalker Healer)          Turns: 5788, Time: 01:34:29

HP   0/47        AC  4     Str 21      XL: 9   Next: 54%
MP   0/15        EV 15     Int 16      God: Cheibriados [*.....]
Gold 346         SH  0     Dex 11      Spells:  0 memorised,  8 levels left

rFire  . . .     SeeInvis .       - Unarmed
rCold  . . .     Clarity  .     X - +1 robe (curse)
rNeg   . . .     rCorr    .     (no shield)
rPois  .         rRot     +     U - +0 helmet
rElec  .         Spirit   +     (no cloak)
SustAb .         Warding  .     (no gloves)
rMut   .         Stasis   .     (no boots)
Gourm  .                        (no amulet)
MR     +....                    E - cursed -5 ring of dexterity
                                A - +2 ring of evasion

@: studying Short Blades, very slow, somewhat resistant to hostile enchantments,
very unstealthy
A: fangs 3, regeneration 2, magic shield, antimagic bite, no device heal 3, rot
immunity
a: Bend Time, Renounce Religion


You were on level 8 of the Dungeon.
You worshipped Cheibriados.
Cheibriados was aware of your devotion.
You were not hungry.

You visited 2 branches of the dungeon, and saw 9 of its levels.

You collected 346 gold pieces.

Inventory:

Hand weapons
 b - a +2 spear of venom
 c - a +3 blowgun
 d - a +2 shortbow of evasion
 l - the +3 dagger of Taxation {holy, rElec rC+}
   (You found it on level 7 of the Dungeon)

   It has been blessed by the Shining One to cause great damage to the undead
   and demons.
   It protects you from cold.
   It insulates you from electricity.
Missiles
 e - 264 arrows
 f - 16 poisoned needles
 w - 16 bolts
Armour
 U - a +0 helmet (worn)
 X - a cursed +1 robe (worn)
 Z - a +0 buckler
Magical devices
 g - a wand of polymorph (8)
 h - a wand of flame (2)
Comestibles
 a - 5 bread rations
 j - 3 beef jerkies
 n - 7 fruits
 o - 2 slices of pizza
 q - a royal jelly
 C - 2 meat rations
 H - 2 rotting chunks of orc flesh
Scrolls
 s - 2 scrolls of enchant weapon
 t - 3 scrolls of recharging
Jewellery
 A - a +2 ring of evasion (left hand)
 B - an uncursed ring of protection from cold
 E - a cursed -5 ring of dexterity (right hand)
 N - an uncursed ring of positive energy
Potions
 m - a potion of haste {unknown}
 p - a potion of cancellation
 r - a potion of restore abilities
 u - 3 potions of curing
 x - 3 potions of brilliance
Books
 i - a book of Annihilations {highlevel}

   This book is beyond your current level of understanding.

   Spells                             Type                      Level
   Poison Arrow                       Conjuration/Poison           6
   Chain Lightning                    Conjuration/Air              8
   Lehudib's Crystal Spear            Conjuration/Earth            8
   Glaciate                           Conjuration/Ice              9
   Fire Storm                         Conjuration/Fire             9
 k - a manual of Short Blades
 v - a book of Summonings

   Spells                             Type                      Level
   Abjuration                         Summoning                    3
   Recall                             Summoning/Translocation      3
   Shadow Creatures                   Summoning                    5
   Summon Demon                       Summoning                    5
   Summon Forest                      Summoning/Translocation      5
   Monstrous Menagerie                Summoning                    6
 y - a book of Alchemy

   Spells                             Type                      Level
   Sublimation of Blood               Necromancy                   2
   Alistair's Intoxication            Transmutation/Poison         4
   Condensation Shield                Ice                          4
   Petrify                            Transmutation/Earth          4
   Ignite Poison                      Fire/Transmutation           5


   Skills:
 - Level 5.0 Fighting
 * Level 4.1 Dodging
 - Level 10.2 Unarmed Combat
 - Level 2.6 Invocations


You had 8 spell levels left.
You didn't know any spells.

Dungeon Overview and Level Annotations

Branches:
Dungeon (8/15)             Temple (1/1) D:6            Lair (0/8) D:8

Altars:
Cheibriados
Fedhas
Makhleb
Xom

Shops:
D:7 :


Innate Abilities, Weirdness & Mutations

You have razor-sharp teeth.
You heal very quickly.
When hurt, damage is shared between your health and your magic reserves.
Your bite disrupts and absorbs the magic of your enemies.
Potions and wands cannot restore your health.
You are immune to rotting.


Message History

You bite the elephant, but do no damage.
The elephant is severely wounded.
The elephant tramples you!
* * * LOW HITPOINT WARNING * * *
You stumble backwards!
You punch the elephant! You punch the elephant.
You kill the elephant!
Cheibriados appreciates the change of pace.
Your Dodging skill increases to level 3!
Read which item? (? for menu, Esc to quit)
As you read the scroll of fear, it crumbles to dust.
You assume a fearsome visage.
The yak looks frightened!
The crocodile looks frightened! x2
The ogre looks frightened!
The ogre prays for help.
Found a cutlass.
You closely miss the crocodile. You punch the crocodile!
You punch the crocodile.
The crocodile is heavily wounded.
The crocodile closely misses you.
You punch the crocodile! You bite the crocodile. You drain its power.
You feel invigorated.
You kill the crocodile!
Cheibriados appreciates the change of pace.
Your Dodging skill increases to level 4!
You see here a cutlass.
You start resting.
The yak gores you. x2
The yak gores you!
You punch the yak! You bite the yak. You drain its power.
You feel invigorated.
The yak is moderately wounded.
The yak gores you!
* * * LOW HITPOINT WARNING * * *
You punch the yak!
The yak is heavily wounded.
The yak closely misses you.
You hit the yak.
The yak is heavily wounded.
The yak gores you!
You die...

## #.## ..# #.# #@#
#Y## #t.# ###..##
###.....## .
#........### ###..
#......##....##.....
.....##
###.......... ....#
##)...####


You could see a yak and a crocodile.

Vanquished Creatures
  An elephant (D:8)
  Menkaure (D:5)
  A sky beast (D:6)
  An ice beast (D:6)
  2 ogres (D:4)
  2 centaurs
  A crocodile (D:8)
  A giant frog (D:6)
  4 scorpions
  4 killer bees (D:7)
  2 hounds
  A black bear zombie (D:7)
  A jelly (D:7)
  6 crimson imps (D:5)
  A gnoll shaman (D:6)
  2 orc priests
  2 orc wizards
  6 worker ants
  An iguana (D:5)
  Ijyb (D:5)
  A hound skeleton (D:4)
  7 adders
  13 gnolls
  2 giant mites
  3 green rats (D:6)
  4 worms
  4 giant geckos
  An ooze (D:2)
  20 orcs
  2 ball pythons
  4 giant cockroaches
  14 goblins
  17 hobgoblins
  10 jackals
  11 kobolds
  3 quokkas
  11 bats
  4 giant newts
  A kobold skeleton (D:6)
  3 orc skeletons
  13 rats
189 creatures vanquished.

Notes
Turn   | Place    | Note
--------------------------------------------------------------
     0 | D:1      | glosham, the Vine Stalker Healer, began the quest for the Orb.
     0 | D:1      | Reached XP level 1. HP: 9/9 MP: 1/1
    49 | D:1      | Reached skill level 1 in Unarmed Combat
   123 | D:1      | Reached XP level 2. HP: 14/14 MP: 3/3
   224 | D:1      | Reached skill level 2 in Unarmed Combat
   445 | D:1      | Reached XP level 3. HP: 15/17 MP: 3/5
   779 | D:2      | Reached skill level 3 in Unarmed Combat
   889 | D:2      | Reached XP level 4. HP: 21/21 MP: 6/6
  1190 | D:2      | Reached skill level 4 in Unarmed Combat
  1379 | D:2      | Reached XP level 5. HP: 22/25 MP: 9/9
  2175 | D:3      | Reached skill level 5 in Unarmed Combat
  2286 | D:4      | Noticed an ogre
  2291 | D:4      | Killed an ogre
  2291 | D:4      | Gained mutation: You heal very quickly. [vine stalker growth]
  2291 | D:4      | Reached XP level 6. HP: 29/29 MP: 10/10
  2297 | D:4      | Reached skill level 6 in Unarmed Combat
  2767 | D:3      | HP: 2/29 [poisoned by a worker ant]
  2782 | D:4      | Noticed an ogre
  2831 | D:4      | Killed an ogre
  2831 | D:4      | Reached skill level 7 in Unarmed Combat
  2831 | D:4      | Reached XP level 7. HP: 16/32 MP: 6/11
  3085 | D:5      | Entered Level 5 of the Dungeon
  3190 | D:4      | Identified a scroll of acquirement
  3203 | D:5      | Noticed Menkaure
  3226 | D:5      | Killed Menkaure
  3226 | D:5      | Reached skill level 8 in Unarmed Combat
  3425 | D:5      | Found a shimmering altar of Xom.
  3427 | D:5      | Gained mutation: You have razor-sharp teeth. [vine stalker growth]
  3427 | D:5      | Reached XP level 8. HP: 37/37 MP: 14/14
  3478 | D:5      | Reached skill level 9 in Unarmed Combat
  3651 | D:5      | Noticed Ijyb
  3656 | D:5      | Killed Ijyb
  4000 | D:6      | Reached skill level 10 in Unarmed Combat
  4101 | D:6      | Reached skill level 1 in Fighting
  4275 | D:6      | Found a staircase to the Ecumenical Temple.
  4291 | Temple   | Entered the Ecumenical Temple
  4301 | Temple   | Fell from the grace of Elyvilon
  4301 | Temple   | Became a worshipper of Cheibriados the Contemplative
  4689 | D:6      | Reached skill level 2 in Fighting
  4697 | D:6      | Reached skill level 3 in Fighting
  4898 | D:7      | Reached XP level 9. HP: 44/44 MP: 15/15
  5006 | D:7      | Found Strieton's Book Emporium.
  5085 | D:7      | Reached skill level 4 in Fighting
  5325 | D:7      | Reached skill level 5 in Fighting
  5344 | D:7      | Reached skill level 2 in Dodging
  5656 | D:7      | Got a jewelled dagger
  5657 | D:7      | Identified the +3 dagger of Taxation {holy, rElec rC+} (You found it on level 7 of the Dungeon)
  5735 | D:8      | Found a staircase to the Lair.
  5735 | D:8      | Noticed an elephant
  5753 | D:8      | Killed an elephant
  5753 | D:8      | Reached skill level 3 in Dodging
  5769 | D:8      | Reached skill level 4 in Dodging
  5788 | D:8      | Slain by a yak

Action                   |  1- 3 |  4- 6 |  7- 9 || total
-------------------------+-------+-------+-------++-------
Melee: Unarmed           |   153 |   283 |   333 ||   769
Evoke: Wand              |       |       |     5 ||     5
  Use: Scroll            |     4 |     6 |     7 ||    17
       Potion            |       |     3 |     1 ||     4
 Stab: Sleeping          |       |       |     1 ||     1
  Eat: Chunk             |       |     7 |     9 ||    16

Table legend:
 A = Turns spent in this place as a percentage of turns spent in the entire game.
 B = Non-inter-level travel turns spent in this place as a percentage of non-inter-level travel turns spent in the entire game.
 C = Inter-level travel turns spent in this place as a percentage of turns spent in this place.
 D = Turns resting spent in this place as a percentage of non-inter-level travel turns spent in this place.
 E = Turns spent auto-exploring this place as a percentage of non-inter-level travel turns spent in this place.
 F = Non-inter-level travel turns spent in this place divided by the number of levels of this place that you've seen.
                   A       B       C       D       E      F
               +-------+-------+-------+-------+-------+----------------------
         Total | 100.0 | 100.0 |   0.3 |   0.6 |   0.3 | 503.7
       Dungeon |  99.6 |  99.6 |   0.3 |   0.6 |   0.3 | 564.1
        Temple |   0.4 |   0.4 |   0.0 |   0.0 |   0.0 |  20.0
               +-------+-------+-------+-------+-------+----------------------

Table legend:
 A = Kills in this place as a percentage of kills in entire the game.
 B = Kills by you in this place as a percentage of kills by you in the entire game.
 C = Kills by friends in this place as a percentage of kills by friends in the entire game.
 D = Other kills in this place as a percentage of other kills in the entire game.
 E = Experience gained in this place as a percentage of experience gained in the entire game.
 F = Experience gained in this place divided by the number of levels of this place that you have seen.
                   A       B       C       D       E      F
               +-------+-------+-------+-------+-------+----------------------
         Total | 100.0 | 100.0 |  -nan |  -nan | 100.0 | 399.9
       Dungeon | 100.0 | 100.0 |  -nan |  -nan | 100.0 | 449.9
               +-------+-------+-------+-------+-------+----------------------

Vault maps used:
D:1:      dpeg_arrival_ratfight, minmay_misc_feat_doors, grunt_decor_cap
D:2:      grunt_ministairs_15
D:4:      first_bread, lemuel_old_faithful
D:5:      led_xom_imps, uniq_iyjb, uniq_menkaure
D:6:      minmay_temple_entry_trees, portal_sewer_entry_e
D:7:      serial_shops, shop, hangedman_decor_growths
D:8:      david_lair_generic, serial_shops, kennysheep_mini
Temple:   nicolae_temple_elliptical
